 Dungeon Crawl Stone Soup version 0.31-a0-875-g02e7d12df6 (webtiles) character file.

Game seed: 12130614892950457748

29350 Joey1 the Severer (level 13, -40/126 HPs)
             Began as a Minotaur Berserker on Oct 12, 2023.
             Was a High Priest of Trog.
             Killed from afar by a hell hog (45 damage)
             ... with a fireball
             ... on level 2 of the Abyss.
             The game lasted 00:27:08 (13293 turns).

Joey1 the Severer (Minotaur Berserker)             Turns: 13293, Time: 00:27:08

Health: -40/126    AC: 16    Str: 27    XL:     13   Next: 14%
Magic:  12/12      EV: 11    Int:  4    God:    Trog [*****.]
Gold:   787        SH:  0    Dex: 21    Spells: 12/12 levels left

rFire   . . .        U - +9 broad axe "Uheso" {heavy, Dex+5}
rCold   . . .        f - +2 buckler
rNeg    . . .        W - +0 chain mail
rPois   .            (helmet restricted)
rElec   .            c - +0 cloak
rCorr   .            (no gloves)
SInv    .            p - +0 pair of boots
Will    ++...        (no amulet) Stlth
                     w - +4 ring of protection
HPRegen 1.41/turn    Q - +6 ring of dexterity
MPRegen 0.13/turn

%: no passive effects
@: confused, ambrosia-drunk, strong-willed, regenerating
A: horns 2, retaliatory headbutt
a: Renounce Religion, Berserk, Trog's Hand, Brothers in Arms


You were on level 2 of the Abyss.
You worshipped Trog.
Trog was extremely pleased with you.
You visited 2 branches of the dungeon, and saw 13 of its levels.
You visited the Abyss 1 time.
You also visited: Ossuary.

You collected 787 gold pieces.

Inventory:

Hand Weapons
 a - a +2 morningstar
 L - a +0 broad axe
 M - a +1 war axe of freezing
 T - a +0 spear
 U - the +9 broad axe "Uheso" (weapon) {heavy, Dex+5}
   (Trog gifted it to you on level 9 of the Dungeon)

   Dex+5:     It affects your dexterity (+5).
Missiles
 q - 3 throwing nets
 G - 2 javelins
 Y - 6 curare-tipped darts
Armour
 b - a +0 animal skin
 c - a +0 cloak (worn)
 f - a +2 buckler (worn)
 h - a +0 scale mail
 p - a +0 pair of boots (worn)
 W - a +0 chain mail (worn)
Jewellery
 w - a +4 ring of protection (left hand)
 y - a ring of fire
 Q - a +6 ring of dexterity (right hand)
 V - a ring of ice
Wands
 r - a wand of acid (11)
 I - a wand of mindburst (17)
 J - a wand of flame (15)
 P - a wand of paralysis (16)
 X - a wand of polymorph (5)
Scrolls
 e - a scroll of identify
 g - 5 scrolls of teleportation
 j - 4 scrolls of noise
 n - 3 scrolls of fear
 s - 4 scrolls of immolation
 u - 3 scrolls of revelation
 v - 2 scrolls of silence {unknown}
 x - 2 scrolls of amnesia
 H - 3 scrolls of vulnerability {unknown}
 N - a scroll of torment {unknown}
 O - 2 scrolls of fog {unknown}
 R - a scroll of blinking {unknown}
 S - a scroll of poison {unknown}
 Z - a scroll of enchant armour {unknown}
Potions
 d - 3 potions of cancellation
 i - 2 potions of curing
 k - a potion of haste
 l - a potion of berserk rage
 m - 2 potions of enlightenment
 o - 3 potions of attraction
 t - 3 potions of might
 z - a potion of brilliance {unknown}
 A - 2 potions of ambrosia
 B - a potion of heal wounds {unknown}
 C - 2 potions of lignification
 D - a potion of resistance {unknown}
 E - a potion of invisibility {unknown}
 F - 3 potions of magic
 K - a potion of degeneration {unknown}


   Skills:
 - Level 15.0 Fighting
 - Level 18.0 Axes
 + Level 6.5 Armour
 + Level 4.4 Dodging
 - Level 5.0 Shields
 - Level 8.0 Evocations


You had 12 spell levels left.
You didn't know any spells.
Your spell library was empty.

Dungeon Overview and Level Annotations

Branches:
Dungeon (10/15)            Temple (0/1) D:7            Lair (3/5) D:10
  Swamp (0/4) Lair:2        Snake (0/4) Lair:2          Orc (0/2) D:9
Ossuary (visited)

Altars:
Ashenzari
Gozag
Kikubaaqudgha
Nemelex Xobeh
Okawaru
Trog
Yredelemnul
The Shining One

Shops:
D:1 *

Annotations:
D:9 1 runed translucent door, cowhearter's ghost, novice KoMo
Lair:3 Sonja


Innate Abilities, Weirdness & Mutations

You have a pair of horns on your head.
You reflexively headbutt those who attack you in melee.


Message History

The hell hog bites you.
Things that are here:
a hell hog corpse; a demonic crawler corpse You slice the hell hog!!
The hell hog is moderately wounded.
The hell hog breathes fire at you.
The fireball explodes!
The fireball engulfs you!!
The fireball engulfs the hell hog.
The hell hog completely resists.
The hell hog breathes fire at you.
The fireball explodes!
The fireball engulfs the hell hog.
The hell hog completely resists.
The fireball engulfs the hell hog.
The hell hog completely resists.
The fireball engulfs the hell hog.
The hell hog completely resists.
The fireball engulfs you!!
The hell hog bites you but does no damage.
The hell hog breathes fire at you.
The fireball explodes!
The fireball engulfs the hell hog.
The hell hog completely resists.
The fireball engulfs the hell hog.
The hell hog completely resists.
The fireball engulfs the hell hog.
The hell hog completely resists.
The fireball engulfs you!!
* * * LOW HITPOINT WARNING * * *
You hear a shout!
You carve the hell hog like the proverbial ham!!!
You kill the hell hog!
Trog accepts your kill. The hell hog breathes fire at you.
The fireball explodes!
The fireball engulfs you!
* * * LOW HITPOINT WARNING * * *
You are confused.
You feel invigorated. The hell hog bites you!
* * * LOW HITPOINT WARNING * * *
The hell hog bites you!
* * * LOW HITPOINT WARNING * * *
You bump into the rock wall.
The hell hog bites you!
* * * LOW HITPOINT WARNING * * *
You slice the hell hog!!
The hell hog is heavily wounded.
The hell hog closely misses you. The hell hog breathes fire at you.
The fireball explodes!
The fireball engulfs you!!!
You die...

...... .. .....#.#
. ......# # .#
.....# . # ....#
#.#.# .h. ### . .#
#h# .. ##
#@##.#####. ##. ##
##.#........ #
#....# ... ~~≈~~~~
.
..#####+##.~≈≈~~~≈
#.
.##.........~≈###
.. #. .#.. .#.#≈#
# .# # ...# ..#≈#
. #..##..# .≈# . #
># ##. ##.. #


You could see 2 hell hogs.

Vanquished Creatures
  2 hydras (Lair:2)
  2 two-headed ogres
  6 death yaks
  A demonic crawler (Abyss:2)
  2 hell hogs (Abyss:2)
  A skyshark (Lair:2)
  13 elephants
  An apocalypse crab (Abyss:2)
  2 black mambas (Lair:2)
  A smoke demon (Abyss:2)
  6 cane toads
  2 komodo dragons
  2 rime drakes
  A troll (D:10)
  2 hornets
  A queen bee (D:10)
  A polar bear (Lair:2)
  9 blink frogs
  A shadow (D:8)
  3 wyverns
  2 wraiths
  4 yaks (D:10)
  A neqoxec (Abyss:2)
  5 basilisks
  A steam dragon (D:7)
  A large abomination (Abyss:2)
  2 nagas (Lair:2)
  A swamp worm (Lair:2)
  An acid dragon (D:5)
  5 water moccasins
  8 orc warriors
  An ice beast (D:5)
  A black bear (D:10)
  4 ogres
  12 wolves (Lair:1)
  3 centaurs
  2 phantoms
  3 scorpions
  11 bullfrogs
  13 wights
  A gnoll sergeant (D:9)
  29 killer bees
  An electric eel (D:9)
  2 howler monkeys (D:10)
  A quasit (Abyss:2)
  3 hounds
  A jelly (D:5)
  13 orc priests
  A sleepcap (D:7)
  2 iguanas
  11 orc wizards
  2 mummies (Ossuary)
  9 gnolls
  2 adders
  2 shadow imps
  3 white imps
  An ufetubus (D:5)
  3 adder zombies (Ossuary)
  3 worms
  2 dart slugs
  37 orcs
  6 endoplasms
  3 giant cockroaches
  9 goblins
  6 hobgoblins
  3 jackals (D:5)
  3 quokkas
  9 ball pythons
  6 bats
  4 frilled lizards
  2 gnoll zombies (Ossuary)
  4 hobgoblin zombies (Ossuary)
  7 kobolds
  4 kobold zombies (Ossuary)
  7 orc zombies (Ossuary)
  3 rats
345 creatures vanquished.

Notes
Turn   | Place    | Note
-------+----------+-------------------------------------------
     0 | D:1      | Joey1 the Minotaur Berserker began the quest for the Orb.
     0 | D:1      | Reached XP level 1. HP: 19/19 MP: 0/0
   205 | D:1      | Reached skill level 4 in Axes
   205 | D:1      | Reached XP level 2. HP: 27/27 MP: 1/1
   208 | D:1      | Found Feruid's General Store.
   930 | D:2      | Reached XP level 3. HP: 33/33 MP: 2/2
   933 | D:2      | Reached ** piety under Trog
  1040 | D:2      | Reached skill level 1 in Shields
  1061 | D:2      | Found an ancient bone altar of Kikubaaqudgha.
  1454 | D:3      | Reached XP level 4. HP: 32/40 MP: 3/3
  1603 | D:3      | Reached skill level 5 in Axes
  1610 | D:3      | Found a faded altar of an unknown god.
  1726 | D:3      | Noticed an ogre
  1732 | D:3      | Killed an ogre
  1733 | D:3      | Reached XP level 5. HP: 47/47 MP: 4/4
  2228 | D:4      | Reached XP level 6. HP: 55/55 MP: 5/5
  2250 | D:4      | Reached skill level 6 in Axes
  2284 | D:4      | Found a bloodstained altar of Trog.
  2325 | D:4      | Reached skill level 5 in Fighting
  2413 | D:4      | Reached *** piety under Trog
  2709 | D:5      | Entered Level 5 of the Dungeon
  2808 | D:5      | Reached skill level 7 in Axes
  2808 | D:5      | Reached XP level 7. HP: 28/61 MP: 6/6
  2942 | D:5      | Found a sand-covered staircase.
  2946 | Ossuary  | Entered an ossuary
  3206 | D:5      | Reached skill level 5 in Armour
  3278 | D:5      | Reached skill level 8 in Axes
  3278 | D:5      | HP: 3/61 [poisoned by a water moccasin]
  3443 | D:5      | Found a sparkling altar of Nemelex Xobeh.
  3491 | D:5      | Reached skill level 5 in Shields
  3499 | D:5      | Reached skill level 9 in Axes
  3499 | D:5      | Reached XP level 8. HP: 68/68 MP: 7/7
  3505 | D:5      | Found an opulent altar of Gozag.
  3586 | D:5      | Found a glowing golden altar of the Shining One.
  3986 | D:6      | Reached skill level 10 in Axes
  4083 | D:6      | Identified the +9 quarterstaff of Uwka {protect, Will-
                  | Dex+5 Stlth+}
  4173 | D:6      | Reached **** piety under Trog
  4181 | D:6      | Reached skill level 11 in Axes
  4756 | D:7      | Reached skill level 12 in Axes
  4778 | D:7      | Reached XP level 9. HP: 58/74 MP: 8/8
  4922 | D:7      | Noticed a two-headed ogre
  4950 | D:7      | Killed a two-headed ogre
  4951 | D:7      | Reached skill level 13 in Axes
  4962 | D:7      | Reached skill level 14 in Axes
  5191 | D:7      | Found a staircase to the Ecumenical Temple.
  5477 | D:7      | Found an iron altar of Okawaru.
  6200 | D:8      | Reached skill level 15 in Axes
  6273 | D:8      | Reached XP level 10. HP: 84/84 MP: 9/9
  6458 | D:9      | Found a broken altar of Ashenzari.
  6477 | D:9      | Found a basalt altar of Yredelemnul.
  6913 | D:9      | Reached ***** piety under Trog
  6997 | D:9      | Found a runed translucent door.
  7001 | D:9      | Noticed cowhearter's ghost (novice KoMo)
  7429 | D:9      | Reached skill level 16 in Axes
  7474 | D:9      | Found a staircase to the Orcish Mines.
  7885 | D:9      | Noticed a two-headed ogre
  7893 | D:9      | Killed a two-headed ogre
  7903 | D:9      | Identified the +9 broad axe "Uheso" {heavy, Dex+5} (Trog
                  | gifted it to you on level 9 of the Dungeon)
  7903 | D:9      | Received a gift from Trog
  8206 | D:10     | Entered Level 10 of the Dungeon
  8206 | D:10     | Noticed an elephant
  8206 | D:10     | Noticed a death yak
  8206 | D:10     | Found a staircase to the Lair.
  8223 | D:9      | Killed a death yak
  8225 | D:9      | Killed an elephant
  8226 | D:9      | Reached skill level 17 in Axes
  8270 | D:10     | Reached XP level 11. HP: 93/97 MP: 10/10
  9173 | Lair:1   | Entered Level 1 of the Lair of Beasts
  9234 | Lair:1   | You fall into a shaft and drop 1 floor!
  9288 | Lair:2   | Reached skill level 10 in Fighting
  9288 | Lair:2   | Reached skill level 18 in Axes
  9558 | Lair:2   | Reached skill level 1 in Evocations
 10474 | Lair:1   | Reached skill level 5 in Evocations
 10474 | Lair:1   | Reached XP level 12. HP: 92/112 MP: 11/11
 11774 | Lair:2   | Noticed a death yak
 11774 | Lair:2   | Noticed a death yak
 11774 | Lair:2   | Noticed a death yak
 11793 | Lair:1   | Killed a death yak
 11878 | Lair:2   | Noticed a five-headed hydra
 11916 | Lair:2   | Killed a five-headed hydra
 12042 | Lair:2   | Found a staircase to the Snake Pit.
 12045 | Lair:2   | Noticed a four-headed hydra
 12055 | Lair:2   | Killed a four-headed hydra
 12189 | Lair:2   | Noticed a death yak
 12193 | Lair:2   | Killed a death yak
 12196 | Lair:2   | Noticed a death yak
 12200 | Lair:2   | Killed a death yak
 12204 | Lair:2   | Killed a death yak
 12206 | Lair:2   | Killed a death yak
 12588 | Lair:2   | Found a staircase to the Swamp.
 12879 | Lair:3   | Reached skill level 15 in Fighting
 12969 | Lair:3   | Reached XP level 13. HP: 91/126 MP: 12/12
 13188 | Lair:3   | Noticed Sonja
 13191 | Abyss:2  | Cast into level 2 of the Abyss (Sonja)
 13291 | Abyss:2  | HP: 5/126 [hell hog (8)]
 13292 | Abyss:2  | HP: 1/126 [hell hog (11)]
 13293 | Abyss:2  | Killed from afar by a hell hog

Illustrated notes

Levels and vault maps discovered:
D:1:      eino_arrival_cavern_b, layout_loops_ring, serial_shops, shop,
          kennysheep_pointless_box, chequers_serial_rivers_micro_e,
          minmay_curled_crystal
D:2:      layout_basic, basic_altar
D:3:      layout_rooms, basic_ecumenical_altar, grunt_ministairs_12,
          minmay_misc_feat_nine_boxes, corexii_leaking_fountain,
          minmay_misc_feat_tower
D:4:      layout_rooms, mainiacjoe_overflow_tiny_flanked,
          nicolae_zen_rock_garden, nicolae_elevator_lobby_plus
D:5:      layout_loops_ring, mainiacjoe_overflow_six_doors_small,
          lemuel_round_altar, lemuel_tele_altar, enter_ossuary_5,
          kennysheep_nub, chequers_serial_rivers_micro_c
D:6:      layout_rooms
D:7:      layout_loops_ring, lemuel_coloured_pillars_altar,
          minmay_temple_entry_drinking_statues
D:8:      layout_cave_pools
D:9:      layout_roguey, mainiacjoe_overflow_large_starburst, erik_orc_2,
          ebering_ghost_inner_flame
D:10:     layout_cave_pools, david_lair_generic, special_room [special_room_bee]
Lair:1:   layout_chaotic_city, serial_bayou_pond_a, lemuel_fruit_fields
Lair:2:   layout_gridlike, palyth_hydra_swamp_entry,
          guppyfry_snake_entry_island, grunt_megastairs_5, serial_bayou_shore_b
Lair:3:   layout_regular_city, uniq_nessos, uniq_sonja
Abyss:2:  base:
D:9

Skill      XL: |  1  2  3  4  5  6  7  8  9 10 11 12 13 |
---------------+----------------------------------------+-----
Axes           | 4 5 7 9 12 15 17 18 | 18.0
Fighting       | 4 5 6 9 12 15 | 15.0
Armour         | 3 4 5 6 |  6.5
Shields        | 1 2 3 5 |  5.0
Evocations     | 5 8 |  8.0
Dodging        | 4 |  4.4

Action                     |  1- 3 |  4- 6 |  7- 9 | 10-12 | 13-15 || total
---------------------------+-------+-------+-------+-------+-------++-------
  Melee: Hand axe          |    96 |    32 |       |       |       ||   128
         Headbutt          |    14 |    11 |    53 |   112 |     3 ||   193
         War axe           |       |    60 |   239 |       |       ||   299
         Broad axe         |       |       |    31 |   466 |    20 ||   517
         Spear             |       |       |       |    17 |       ||    17
         Morningstar       |       |       |       |    10 |       ||    10
 Invoke: Berserk           |     1 |     2 |     2 |     8 |       ||    13
         Trog's Hand       |       |       |     2 |     1 |     1 ||     4
         Brothers in Arms  |       |       |       |       |     1 ||     1
    Use: Potion            |       |       |     3 |       |     6 ||     9
         Scroll            |       |       |    11 |     4 |       ||    15
   Stab: Sleeping          |     1 |       |       |       |       ||     1
 Armour: Animal skin       |    15 |       |       |       |       ||    15
         Scale mail        |    37 |    52 |   186 |   145 |       ||   420
         Chain mail        |       |       |       |   204 |    36 ||   240
         Skin              |       |       |       |       |     1 ||     1
  Dodge: Dodged            |    45 |    39 |    94 |   207 |    11 ||   396
  Block: Buckler           |    18 |    20 |    93 |   160 |     9 ||   300

Table legend: (Time is in decaauts)
 A = Elapsed time spent in this place.
 B = Non-inter-level travel time spent in this place.
 C = Inter-level travel time spent in this place.
 D = Time resting spent in this place.
 E = Time spent auto-exploring this place.
 F = Levels seen in this place.
 G = Mean time per level.
                   A        B        C        D        E       F      G
               +--------+--------+--------+--------+--------+-----+--------+
         Total |  13377 |  12532 |    845 |   2512 |   7462 |  15 |  891.8 |
       Dungeon |   9128 |   8410 |    718 |   1199 |   5536 |  10 |  912.8 |
          Lair |   3930 |   3803 |    127 |   1313 |   1785 |   3 | 1310.0 |
         Abyss |    108 |    108 |      0 |      0 |      0 |   1 |  108.0 |
       Ossuary |    209 |    209 |      0 |      0 |    141 |   1 |  209.0 |
               +--------+--------+--------+--------+--------+-----+--------+

Top non-repeatable levels by time:
     D:9: 1801 daAuts
  Lair:2: 1778 daAuts
  Lair:1: 1744 daAuts
     D:7: 1306 daAuts
     D:5: 1027 daAuts
    D:10: 932 daAuts
     D:3: 747 daAuts
     D:2: 727 daAuts
     D:1: 716 daAuts
     D:8: 693 daAuts
     D:6: 613 daAuts
     D:4: 561 daAuts
  Lair:3: 407 daAuts
 Ossuary: 209 daAuts
 Abyss:2: 108 daAuts
